Map: Tourmaline LE

Players

SCIInewby

  • Race: Protoss Protoss
  • League: Master
  • Spawn Location: 7:00

Agenttim - Winner!

  • Race: Terran Terran
  • League: Silver
  • Spawn Location: 1:00

VOD

Have the link to the VOD?

Description

Time

  • Played on: Feb. 8, 2026, 2:46 p.m.
  • Length: 10:53
Show
View Real Time Build Order
Export as new Build Order

SCIInewby Protoss 

Build Orders: 1 Gate Expand 

Get SALT Encoding   

  12  0:00  Probe  
  13  0:13  Probe  
  14  0:19  Pylon  
  14  0:26  Probe  
  15  0:39  Gateway  
  15  0:40  Probe  
  15  1:07  Probe  
  16  1:23  Nexus  
  16  1:24  Probe  
  17  1:32  Probe  
  18  1:40  Probe  
  18  1:41  Forge  
  19  1:55  Assimilator  
  19  1:57  Cybernetics Core  
  19  1:58  Probe  
  20  2:06  Pylon  
  20  2:11  Probe  
  20  2:15  Assimilator  
  21  2:21  Assimilator  
  21  2:22  Probe  
  22  2:30  Probe  
  22  2:35  Probe  
  23  2:38  Probe  
  25  2:46  Probe  
  25  2:47  Probe, Zealot  
  29  2:55  Protoss Ground Weapons Level 1  
  29  2:56  Probe  
  29  3:01  Warp Gate  
  30  3:06  Probe  
  30  3:09  Probe  
  32  3:17  Pylon  
  32  3:18  Probe  
  33  3:23  Zealot  
  35  3:31  Photon Cannon  
  35  3:35  Probe x2  
  35  3:37  Assimilator  
  37  3:43  Probe  
  37  3:44  Probe  
  39  3:51  Probe  
  40  4:05  Photon Cannon  
  40  4:08  Photon Cannon  
  40  4:30  Pylon  
  38  4:37  Photon Cannon  
  38  4:42  Gateway  
  38  4:44  Probe x2  
  38  4:53  Pylon  
  38  4:55  Pylon  
  38  4:56  Probe  
  38  4:58  Pylon  
  39  5:07  Pylon  
  39  5:14  Forge  
  39  5:19  Pylon  
  39  5:25  Pylon  
  38  5:34  Gateway  
  38  5:36  Gateway  
  38  5:38  Gateway  
  38  5:42  Pylon  
  38  5:47  Pylon  
  38  5:51  Photon Cannon  
  38  5:53  Shield Battery  
  38  5:55  Shield Battery  
  38  6:00  Zealot  
  40  6:14  Gateway  
  40  6:15  Gateway  
  40  6:17  Gateway  
  40  6:18  Probe  
  40  6:19  Probe  
  40  6:21  Zealot  
  44  6:30  Probe  
  44  6:31  Probe  
  46  6:34  Zealot x3  
  52  6:42  Stalker  
  50  7:02  Zealot  
  50  7:03  Zealot x2  
  52  7:10  Stalker  
  52  7:11  Stalker  
  42  7:23  Zealot x2  
  42  7:24  Zealot x2  
  50  7:31  Forge  
  50  7:34  Pylon  
  50  7:36  Pylon  
  50  7:41  Zealot x2  
  50  7:44  Stalker x3  
  58  7:45  Stalker  
  56  8:00  Shield Battery  
  56  8:03  Shield Battery  
  56  8:08  Photon Cannon  
  56  8:11  Pylon, Zealot x2  
  56  8:12  Zealot x4  
  56  8:30  Stargate x2  
  56  8:33  Zealot x3  
  50  8:38  Zealot  
  52  8:49  Zealot x2  
  54  9:05  Stalker  
  54  9:06  Stalker x2  
  54  9:09  Zealot x3  
  66  9:20  Pylon  
  66  9:21  Pylon  
  66  9:25  Pylon  
  66  9:26  Pylon  
  47  9:44  Void Ray x2  
  55  9:47  Zealot  
  55  9:49  Zealot  
  55  9:50  Zealot x2  
  55  9:51  Zealot  
  65  9:57  Zealot  
  67  10:02  Pylon  
  67  10:18  Zealot  
  65  10:25  Zealot x4  
  59  10:40  Zealot  
  59  10:41  Zealot  
  67  10:50  Zealot  
Show
View Real Time Build Order
Export as new Build Order

Agenttim Terran - Winner!

Build Orders:  

Get SALT Encoding   

  12  0:00  SCV  
  13  0:15  Supply Depot  
  13  0:17  SCV  
  14  0:25  Refinery  
  14  0:40  Barracks  
  14  0:44  SCV  
  15  1:06  Refinery  
  15  1:10  SCV  
  16  1:27  Orbital Command, Marine  
  17  1:45  Marine  
  18  1:50  Factory  
  18  1:55  SCV  
  19  2:04  Barracks Reactor  
  19  2:12  Supply Depot  
  19  2:21  SCV  
  20  2:33  SCV  
  20  2:35  Factory Tech Lab  
  20  2:36  Starport  
  21  2:42  Marine  
  21  2:43  Marine  
  21  2:44  Engineering Bay  
  23  2:50  SCV  
  24  3:01  Cyclone  
  24  3:02  Marine  
  24  3:03  Marine  
  29  3:11  Supply Depot  
  29  3:14  Starport Reactor  
  29  3:41  Marine  
  30  3:42  Marine  
  30  3:45  Command Center, SCV  
  32  3:57  SCV  
  33  4:05  Siege Tank  
  36  4:13  Marine  
  36  4:14  Marine  
  38  4:23  Supply Depot  
  38  4:32  Marine  
  38  4:33  Barracks  
  38  4:35  Barracks  
  39  4:44  Marine, SCV  
  39  4:45  Supply Depot  
  41  4:50  Medivac  
  43  5:00  Marine  
  43  5:01  Medivac  
  43  5:06  Supply Depot  
  46  5:07  SCV  
  48  5:16  Orbital Command  
  47  5:30  Medivac  
  47  5:32  Liberator  
  47  5:34  SCV  
  53  5:48  Barracks Tech Lab  
  53  5:49  Barracks Tech Lab  
  53  5:50  SCV x2  
  55  6:02  SCV  
  56  6:05  SCV  
  56  6:08  Supply Depot  
  57  6:19  Marine x2  
  57  6:25  Marauder x2  
  63  6:32  Combat Shield  
  63  6:36  Marine  
  63  6:37  Marine  
  65  6:46  Marauder x2  
  69  6:53  SCV x2  
  71  6:54  Marine x2  
  73  7:06  Siege Tank  
  73  7:07  Marine  
  73  7:08  Marauder  
  76  7:16  Marine x2  
  75  7:25  Marauder  
  75  7:28  Marine  
  78  7:31  Supply Depot  
  78  7:34  Marine x2, SCV  
  78  7:36  Refinery  
  81  7:39  Refinery  
  81  7:42  Stimpack  
  81  7:51  Barracks  
  81  7:52  Barracks x2  
  81  7:55  Liberator  
  81  8:09  SCV x2  
  83  8:21  SCV x2  
  80  8:33  SCV x2, Siege Tank  
  83  8:37  Supply Depot  
  83  8:45  SCV x2  
  85  8:53  Marine x4  
  87  8:56  Medivac x2  
  91  9:08  Supply Depot  
  91  9:21  Marine  
  91  9:24  SCV x2  
  94  9:26  Liberator x2  
  100  9:31  Command Center  
  100  9:44  Marauder x2  
  100  9:45  Barracks Tech Lab x2  
  104  9:59  Barracks Tech Lab  
  104  10:06  Marauder x2  
  108  10:08  Supply Depot  
  108  10:09  Medivac  
  109  10:22  SCV  
  110  10:29  Marine x5  
  110  10:30  Marine, Marauder  
  118  10:46  Supply Depot  
  128  10:50  Supply Depot  
Tags
 
Add a new tag
Caveats
  • Supply blocks, unpowered buildings, or Contaminate may cause inaccurate times.
  • Supply counts are checked every 10 seconds.